Cogmind - Beta 16 @@@ ROGUE MODE // 2025.12.24 @ 14:29:16 Player: winnking222 Result: Destroyed by Y-54 Guardian with Gatling Laser Performance ------------- Evolutions (4) 2000 Regions Visited (6) 1200 Robots Destroyed (40) 200 Value Destroyed (1073) 1073 Prototype IDs (19) 380 Alien Tech Used (0) 0 Bonus (800) 800 TOTAL SCORE: 5653 Bonus ------- Registered with UFD 300 Met Optimus in HQ 500 Cogmind --------- Core Integrity 0/850 Matter 159/300 Energy 99/100 System Corruption 0% Temperature Cool (12) Movement Core (50) Location -6/Extension Parts ------- > --- POWER (2) -------- (None) > --- PROPULSION (6) --- (None) > --- UTILITY (5) ------ Enhanced Optical Array > --- WEAPON (2) ------- (None) > --- INVENTORY (5) ---- Micro Nuclear Core Meta Core Plasma Cutter CPS Tube (2) Katana Peak State ------------ > --- POWER ------------ Micro Nuclear Core Light Angular Momentum Engine > --- PROPULSION ------- Flight Unit Flight Unit Flight Unit Flight Unit Flight Unit VTOL Module > --- UTILITY ---------- Medium Storage Unit Enhanced Optical Array Hacking Suite System Shield System Shield > --- WEAPON ----------- Autogun Katana > --- INVENTORY -------- Meta Core Armored Wheel Improved Cryofiber Web ECM Suite Hardened Light Armor Plating Compact Ion Cannon Grenade Launcher Plasma Cutter CPS Tube Vortex Trap [Rating: 39] Favorites ----------- Power Nuclear Core Engine Light Ion Engine Power Core Nuclear Core Propulsion Light Treads Treads Light Treads Wheel Compact Wheel Flight Unit Flight Unit Utility Large Storage Unit Device Seismic Detector Storage Large Storage Unit Processor Enhanced Optical Array Hackware System Shield Protection Light Armor Plating Weapon Assault Rifle Energy Gun Small Laser Energy Cannon Subdweller Beam Cannon Ballistic Gun Assault Rifle Launcher Grenade Launcher Slashing Weapon Katana Build | -11 -10 -10 -10 -8 -6 -6 ------- Run | Yrd Mat Min Sub Scr Fac Ext Slots Evolved 8 | . . . . . 8 . Power 1 | . . . . . 1 . Propulsion 4 | . . . . . 4 . Utility 3 | . . . . . 3 . Weapon . | . . . . . . . Parts Attached 53 | 7 8 4 12 9 13 . Power 7 | 1 2 . 1 2 1 . Engine 4 | 1 1 . 1 1 . . Core 3 | . 1 . . 1 1 . Reactor . | . . . . . . . Propulsion 15 | 2 1 2 1 2 7 . Treads 7 | 2 1 1 1 2 . . Leg . | . . . . . . . Wheel 1 | . . 1 . . . . Hover . | . . . . . . . Flight 7 | . . . . . 7 . Utility 16 | 2 3 1 4 1 5 . Device 5 | 1 2 . 1 . 1 . Storage 3 | 1 1 . 1 . . . Processor 1 | . . . . . 1 . Hackware 3 | . . . . . 3 . Protection 4 | . . 1 2 1 . . Artifact . | . . . . . . . Weapon 15 | 2 2 1 6 4 . . Energy Gun 4 | . 1 . 3 . . . Energy Cannon 1 | . . . 1 . . . Ballistic Gun 7 | 2 . . 2 3 . . Ballistic Cannon . | . . . . . . . Launcher 2 | . 1 1 . . . . Special Weapon . | . . . . . . . Impact Weapon . | . . . . . . . Slashing Weapon 1 | . . . . 1 . . Piercing Weapon . | . . . . . . . Special Melee Weapon . | . . . . . . . Unidentified Prototypes 1 | . . . 1 . . . Parts Lost 19 | . 3 1 4 . 10 1 Power 3 | . 1 . 2 . . . Propulsion 8 | . . 1 . . 7 . Utility 6 | . 1 . 1 . 3 1 Weapon 2 | . 1 . 1 . . . Highest Loss Streak 7 | . 3 1 3 . 7 1 To Critical Strikes . | . . . . . . . Average Backups 12 | 5 11 14 12 13 7 5 Power . | . 1 1 . . . 1 Propulsion 4 | 3 6 6 5 4 . . Utility 2 | . 2 3 3 3 2 . Weapon 3 | . 2 3 3 4 1 1 Tool/Special . | . . . . . . . Unused Backups 18 | . 3 . . 7 5 3 Power 2 | . . . . 2 . . Propulsion 5 | . 3 . . 1 1 . Utility 5 | . . . . 2 3 . Weapon 2 | . . . . 1 1 . Tool/Special 4 | . . . . 1 . 3 Average Slot Usage (%) 82 | . 99 100 87 73 63 13 Engine 3 | . 9 . 3 2 2 . Core 4 | . 4 14 . 5 . . Treads 25 | . 28 14 26 28 . . Wheel 1 | . . 13 1 . . . Flight 1 | . . . . . 24 . Device 2 | . 13 . . . . . Storage 13 | . 14 14 12 14 4 . Protection 10 | . . 13 13 14 . . Energy Gun 3 | . 4 14 12 . . . Energy Cannon 1 | . . . 5 . . . Ballistic Gun 10 | . 23 13 10 6 2 . Slashing Weapon 1 | . . . . 2 5 . Peak Build Rating 39 | 7 10 11 15 22 39 10 Average Rating 11 | 5 8 10 10 12 24 9 On Entrance 10 | . 7 10 11 11 21 10 Avg Prop Armor Cover (%) 10 | . . 10 11 . . . Naked Turns . | . . . . . . . Heaviest Build 39 | 12 29 32 35 39 24 . Greatest Support 42 | 40 40 16 40 42 24 3 Greatest Overweight (x) 1 | . . 1 1 . . . Average Overweight (x) . | . . 1 . . . . Largest Inventory Capacity 15 | 8 15 15 15 15 15 5 Average Capacity 13 | 7 13 15 13 15 8 5 Most Carried 15 | 8 15 15 15 15 14 5 Average Carried 13 | 5 11 14 13 14 8 5 Final Capacity 15 | 8 15 15 15 15 5 5 Final Carried 15 | 7 15 15 15 15 5 5 Class Distribution -------------------- 75% | Mutant 20% | Derelict-Mutant Dominant Class ---------------- Mutant | -10/Materials Mutant | -10/Mines Mutant | -10/Subcaves Mutant | -8/Scraptown Hacker-Mutant | -6/Factory Mutant | -6/Extension Resources | -11 -10 -10 -10 -8 -6 -6 ----------- Run | Yrd Mat Min Sub Scr Fac Ext Matter Collected 1147 | 326 295 73 294 138 21 . Remotely . | . . . . . . . Salvage Created 1359 | 164 653 209 304 . 29 . Parts 80 | 11 45 7 13 . 4 . Haulers Intercepted 2 | . 2 . . . . . Recyclers Shooed . | . . . . . . . Parts Field Recycled . | . . . . . . . Retrieved Matter . | . . . . . . . Parts Self-Destructed 8 | . . . 8 . . . Prevented . | . . . . . . . Parts Restored . | . . . . . . . Kills | -11 -10 -10 -10 -8 -6 -6 ------- Run | Yrd Mat Min Sub Scr Fac Ext Combat Hostiles Destroyed 26 | . 12 4 7 . 3 . Guns 17 | . 10 . 7 . . . AOE 9 | . 2 4 . . 3 . Classes Destroyed 10 | 2 5 . 2 . 1 . Worker 2 | . 2 . . . . . Builder 1 | . 1 . . . . . Tunneler 3 | 3 . . . . . . Hauler 2 | . 2 . . . . . Recycler 2 | 1 . 1 . . . . Operator 1 | . . . . . 1 . Watcher 3 | . 3 . . . . . Swarmer 5 | . . . 2 . 3 . Grunt 17 | . 12 4 1 . . . Subdweller 4 | . . . 4 . . . Best Kill Streak 5 | 1 4 5 3 . 3 . Combat Bots Only 4 | . 3 4 3 . 3 . Max Kills in Single Turn 3 | 1 2 3 1 . 1 . Gunslinging . | . . . . . . . Exploded 2 | . 2 2 . . 1 . Melee . | . . . . . . . Uniques/NPCs Destroyed . | . . . . . . . Combat | -11 -10 -10 -10 -8 -6 -6 -------- Run | Yrd Mat Min Sub Scr Fac Ext Hostile Shots Fired 304 | . 46 29 67 . 123 39 Missed 99 | . 11 4 16 . 54 14 Hits 205 | . 35 25 51 . 69 25 Projectile 205 | . 35 25 51 . 69 25 Critical Strikes 4 | . 1 3 . . . . Damage Taken 2910 | . 441 366 844 . 1067 192 Core 1051 | . 34 58 107 . 665 187 Absorbed by Shields . | . . . . . . . Core Remaining (%) 60 | 100 . . . 20 . . Volleys Fired 130 | 14 55 6 48 . 7 . Largest 2 | 2 2 2 2 . 1 . Hottest 140 | 40 60 60 140 . 30 . Shots Fired 233 | 28 109 10 79 . 7 . Gun 220 | 28 108 8 76 . . . Cannon 3 | . . . 3 . . . Launcher 10 | . 1 2 . . 7 . Special . | . . . . . . . Kinetic 174 | 28 102 4 40 . . . Thermal 49 | . 6 4 39 . . . Explosive 10 | . 1 2 . . 7 . Electromagnetic . | . . . . . . . Robot Hit Streak 18 | 4 18 5 12 . 6 . Robot Miss Streak 3 | 2 3 1 3 . 3 . Penetration Max . | . . . . . . . Secondary Targets 3 | . 1 . 2 . . . Max Gunslinging Chain 1 | . 1 . 1 . . . Shots Hit Robots 149 | 15 78 8 42 . 6 . Core Hits 78 | 6 35 15 14 . 8 . Critical Kills . | . . . . . . . Critical Parts Destroyed 1 | . 1 . . . . . Critical Strikes 1 | . 1 . . . . . Destroy 1 | . 1 . . . . . Melee Attacks 9 | . . . . . 9 . Impact . | . . . . . . . Slashing 9 | . . . . . 9 . Piercing . | . . . . . . . Sneak Attacks . | . . . . . . . Combat Hostiles . | . . . . . . . Follow-up Attacks . | . . . . . . . Damage Inflicted 2830 | 191 1155 367 637 . 480 . Guns 1771 | 191 873 70 637 . . . Cannons . | . . . . . . . Explosions 951 | . 282 297 . . 372 . Melee 96 | . . . . . 96 . Ramming 12 | . . . . . 12 . Kinetic 1263 | 191 809 26 237 . . . Thermal 729 | . 285 44 400 . . . Explosive 730 | . 61 297 . . 372 . Electromagnetic . | . . . . . . . Impact . | . . . . . . . Slashing 96 | . . . . . 96 . Piercing . | . . . . . . . Highest Corruption 3 | . 3 3 3 3 . . Average Corruption 2 | . 1 3 3 3 . . Corruption Purged . | . . . . . . . Corruption Blocked . | . . . . . . . Effects 54 | . 2 9 20 23 . . Message Errors 17 | . 2 3 6 6 . . Matter Fused 10 | . . 1 5 4 . . Heat Flow Errors 4 | . . 1 2 1 . . Energy Discharges 7 | . . . 4 3 . . Parts Rejected 1 | . . . 1 . . . Data Loss (minor) 11 | . . 3 1 7 . . Data Loss (major) 2 | . . . . 2 . . Misfires 1 | . . . 1 . . . Alerts 1 | . . 1 . . . . Overload Shots . | . . . . . . . Overflow Damage 17 | . 17 . . . . . Projectiles . | . . . . . . . Explosions 17 | . 17 . . . . . Melee . | . . . . . . . Knockbacks . | . . . . . . . Impact . | . . . . . . . Kinetic . | . . . . . . . Secondary . | . . . . . . . Self-Inflicted Damage 42 | . . 23 . . 19 . Shots 2 | . . 1 . . 1 . Rammed 1 | . . . . . 1 . Targets Rammed 1 | . . . . . 1 . Kicked . | . . . . . . . Crushed . | . . . . . . . Highest Temperature 186 | . 36 186 111 128 18 . Average Temperature 36 | . 9 100 37 66 8 . Received Heat Transfer 639 | . 267 249 48 . 9 66 Siege Activations . | . . . . . . . Martial Activations . | . . . . . . . Shielding Activations . | . . . . . . . Robots Disrupted . | . . . . . . . Combat Hostiles . | . . . . . . . Robots Corrupted . | . . . . . . . Combat Hostiles . | . . . . . . . Parts Fried . | . . . . . . . Impact Corruptions . | . . . . . . . Robots Melted . | . . . . . . . Combat Hostiles . | . . . . . . . Parts Melted 1 | . . 1 . . . . Heat Transferred 1025 | . 250 100 675 . . . Parts Sabotaged . | . . . . . . . Parts Stolen . | . . . . . . . Parts Stripped . | . . . . . . . Power Chain Reactions . | . . . . . . . Alert | -11 -10 -10 -10 -8 -6 -6 ------- Run | Yrd Mat Min Sub Scr Fac Ext Maximum Alert Level . | . . . . . . . Low Security (%) 100 | 100 100 100 . . 100 100 Level 1 . | . . . . . . . Level 2 . | . . . . . . . Level 3 . | . . . . . . . Level 4 . | . . . . . . . Level 5 . | . . . . . . . High Security . | . . . . . . . Max Security . | . . . . . . . Peak Influence 145 | 5 119 103 . . 145 44 Initial 44 | . . . . . . 44 Average 34 | 1 35 29 . . 52 39 Influence Increases 971 | 20 443 113 95 . 300 . Destroy 0b10 Robot/C 440 | . 240 80 60 . 60 . Destroy 0b10 Robot/NC 70 | 20 40 5 . . 5 . Destroy Leader 110 | . 60 20 20 . 10 . Successful Hack 90 | . 24 . . . 66 . Disable Machine 60 | . 45 . . . 15 . Destroy Structure 51 | . 19 8 . . 24 . Lose Combat Pursuer 150 | . 15 . 15 . 120 . Influence Decreases 947 | 20 443 113 95 . 210 66 Entered New Map 46 | . . . . . . 46 Time Decay 741 | 20 413 113 85 . 100 10 Lost Part 150 | . 30 . 10 . 100 10 Lost Ally 10 | . . . . . 10 . Squads Dispatched 8 | . 3 . . . 5 . Investigation 6 | . 3 . . . 3 . Extermination 1 | . . . . . 1 . Reinforcement 1 | . . . . . 1 . Assault . | . . . . . . . Garrison . | . . . . . . . Intercept . | . . . . . . . Searches Triggered . | . . . . . . . Construction Impeded . | . . . . . . . Haulers Reinforced . | . . . . . . . Active Scanning Responses . | . . . . . . . Cargo Convoy Interrupts . | . . . . . . . Stealth | -11 -10 -10 -10 -8 -6 -6 --------- Run | Yrd Mat Min Sub Scr Fac Ext Distress Signals 3 | . 2 . . . 1 . Communications Jammed . | . . . . . . . Distress Signals . | . . . . . . . Times Spotted 58 | . 18 4 9 . 25 2 Peak Tracking Total 11 | . 5 4 5 . 11 2 Tactical Retreats 6 | . 1 . 1 . 4 . ECM-based Alert Blocks 3 | . . . . . 3 . Traps | -11 -10 -10 -10 -8 -6 -6 ------- Run | Yrd Mat Min Sub Scr Fac Ext Traps Triggered 2 | . 2 . . . . . Indirectly . | . . . . . . . Trap Hack Attempts . | . . . . . . . Triggered . | . . . . . . . Disarmed . | . . . . . . . Reprogrammed . | . . . . . . . Reused . | . . . . . . . Traps Extracted . | . . . . . . . Installed . | . . . . . . . Triggered . | . . . . . . . Most Traps Carried 1 | . . . . 1 1 . Machines | -11 -10 -10 -10 -8 -6 -6 ---------- Run | Yrd Mat Min Sub Scr Fac Ext Machines Disabled 5 | . 3 . 1 . 1 . Max in Single Turn 3 | . 3 . 1 . 1 . Machines Repaired . | . . . . . . . Machines Dismantled . | . . . . . . . Machines Sabotaged . | . . . . . . . Overloaded Fab Kills . | . . . . . . . Hacking | -11 -10 -10 -10 -8 -6 -6 --------- Run | Yrd Mat Min Sub Scr Fac Ext Machines Accessed 23 | . 8 . 2 3 10 . Terminals 14 | . 8 . . . 6 . Fabricators 1 | . . . . . 1 . Repair Stations . | . . . . . . . Recycling Units 3 | . . . . . 3 . Scanalyzers . | . . . . . . . Garrison Access . | . . . . . . . Total Hacks 57 | . 24 . 5 8 20 . Successful 37 | . 11 . 5 8 13 . Failed 20 | . 13 . . . 7 . Catastrophic 1 | . . . . . 1 . Database Lockouts . | . . . . . . . Manual 36 | . 21 . . . 15 . Terminals 38 | . 24 . . . 14 . Fabricators 3 | . . . . . 3 . Repair Stations . | . . . . . . . Recycling Units 3 | . . . . . 3 . Scanalyzers . | . . . . . . . Garrison Access . | . . . . . . . Terminal Hacks 16 | . 1 . 5 8 2 . Record 6 | . . . 4 2 . . Robot Analysis 5 | . . . . 5 . . Open Door 1 | . . . . . 1 . Recycling Unit Index 1 | . . . . . 1 . Hauler Manifests 1 | . 1 . . . . . Proto ID Catalog 2 | . . . 1 1 . . Fabricator Hacks 1 | . . . . . 1 . Network Status 1 | . . . . . 1 . Repair Station Hacks . | . . . . . . . Recycling Unit Hacks . | . . . . . . . Scanalyzer . | . . . . . . . Garrison Access Hacks . | . . . . . . . Unauthorized Hacks 20 | . 10 . . . 10 . Terminals 17 | . 10 . . . 7 . Track 1 | . 1 . . . . . Assimilate 1 | . . . . . 1 . Botnet 7 | . 4 . . . 3 . Skim 8 | . 5 . . . 3 . Fabricators . | . . . . . . . Repair Stations . | . . . . . . . Recycling Units 3 | . . . . . 3 . Fedlink 3 | . . . . . 3 . Scanalyzers . | . . . . . . . Garrison Access . | . . . . . . . Data Cores Recovered 1 | . . . . . 1 . Used . | . . . . . . . Hacking Detections 11 | . 6 . . . 5 . Full Trace Events 4 | . 4 . . . . . Feedback Events . | . . . . . . . Feedback Blocked . | . . . . . . . Robot Schematics Acquired . | . . . . . . . Robots Built . | . . . . . . . Authchips . | . . . . . . . Time . | . . . . . . . Total Robot Build Rating . | . . . . . . . Part Schematics Acquired . | . . . . . . . Parts Built . | . . . . . . . Authchips . | . . . . . . . Time . | . . . . . . . Total Part Build Rating . | . . . . . . . Part Studies Acquired . | . . . . . . . Parts Repaired . | . . . . . . . Time . | . . . . . . . Parts Recycled . | . . . . . . . Recycled Matter . | . . . . . . . Retrieved Matter . | . . . . . . . Retrieved Components . | . . . . . . . Parts Scanalyzed . | . . . . . . . Part Schematics Acquired . | . . . . . . . Parts Damaged . | . . . . . . . Bothacking | -11 -10 -10 -10 -8 -6 -6 ------------ Run | Yrd Mat Min Sub Scr Fac Ext Used RIF Installer . | . . . . . . . Robots Hacked . | . . . . . . . Non-combat . | . . . . . . . Combat . | . . . . . . . Robot Hacks Applied . | . . . . . . . Relay Couplers Released . | . . . . . . . Fabnet Peak Effective % . | . . . . . . . Robots Rewired . | . . . . . . . Allies Hacked . | . . . . . . . Hacks Repelled . | . . . . . . . Allies | -11 -10 -10 -10 -8 -6 -6 -------- Run | Yrd Mat Min Sub Scr Fac Ext Total Allies 1 | . . . . . 1 . Largest Group 1 | . . . . . 1 . Highest-Rated Group 26 | . . . . . 26 . Highest-Rated Ally 26 | . . . . . 26 . Total Orders . | . . . . . . . Ally Attacks . | . . . . . . . Total Damage . | . . . . . . . Kills . | . . . . . . . Allies Corrupted . | . . . . . . . Allies Melted . | . . . . . . . Intel | -11 -10 -10 -10 -8 -6 -6 ------- Run | Yrd Mat Min Sub Scr Fac Ext Active Infowar (turns) 1597 | 13 1291 6 . . 254 33 Optics 287 | . . . . . 254 33 Seismic 1310 | 13 1291 6 . . . . ECM 5 | . . . . . 5 . Robot Analysis Total 5 | . . . . 5 . . Derelict Logs Recovered 6 | . . 1 1 4 . . Drone Launches . | . . . . . . . Drone Recoveries . | . . . . . . . Exploration | -11 -10 -10 -10 -8 -6 -6 ------------- Run | Yrd Mat Min Sub Scr Fac Ext Turns Passed 6390 | 144 1354 385 1052 3146 276 33 Spaces Moved 4332 | 64 723 312 549 1996 639 49 Core 146 | 15 . . . . 82 49 Treads 3275 | 49 723 . 507 1996 . . Legs . | . . . . . . . Wheels 354 | . . 312 42 . . . Hover . | . . . . . . . Flight 557 | . . . . . 557 . Fastest Speed 24 | 50 160 115 115 152 24 50 Average Speed 133 | 134 160 115 156 155 30 50 Slowest Speed 160 | 160 160 115 160 160 50 50 Overloaded Moves . | . . . . . . . Propulsion Burnouts . | . . . . . . . Robots Hopped 4 | . . . . . 4 . Potential Cave-ins . | . . . . . . . Cave-ins Triggered . | . . . . . . . Exploration Rate (%) 48 | 5 93 84 34 88 22 11 Regions Visited 6 Branch Regions 4 Pre-discovered Areas 3 | . . . 1 1 1 . Known Exits Taken 1 | . . . . . 1 . Unknown Exits Taken 5 | 1 1 1 1 1 . . Scrap Searched 11 | . . 1 3 7 . . Spaces Dug 2 | . . . . . 2 . Terrain Destroyed 52 | . 21 9 . . 22 . Melee 2 | . . . . . 2 . Projectile . | . . . . . . . AOE 50 | . 21 9 . . 20 . Terrain Rammed . | . . . . . . . Walls Destroyed . | . . . . . . . Machines Disabled . | . . . . . . . Actions | -11 -10 -10 -10 -8 -6 -6 --------- Run | Yrd Mat Min Sub Scr Fac Ext Total 4715 | 97 822 326 666 2051 696 57 Wait 43 | . 12 1 16 . 6 8 Move 4318 | 63 722 311 548 1995 630 49 Hop 4 | . . . . . 4 . Pick Up 86 | 13 17 2 22 23 9 . Fast Attach 7 | 1 . . 2 1 3 . Attach 35 | 6 3 1 7 8 10 . Detach 6 | . . . 1 2 3 . Swap 21 | . 6 4 7 2 2 . Drop 53 | . 7 1 13 20 12 . Fire 130 | 14 55 6 48 . 7 . Melee 9 | . . . . . 9 . Ram 1 | . . . . . 1 . Kick . | . . . . . . . Crush . | . . . . . . . Escape Stasis . | . . . . . . . Rewire . | . . . . . . . Trap . | . . . . . . . Miscellaneous 2 | . . . 2 . . . Route ------- -11/Scrapyard -10/Materials (discovered 4 exits: [*Mat x3] / [*Min]) -10/Mines (discovered 3 exits: [*Mat x2] / *Sub) -10/Subcaves -8/Scraptown (discovered 2 exits: *Fac x2) -6/Factory (discovered 4 exits: Fac x2 / Low / *Ext) -6/Extension History --------- Turn | Location | Event 8 | -11/Scrapyard | Discovered new exit (range 14) 145 | -11/Scrapyard | Entered Materials 313 | -10/Materials | Build established: Mutant 584 | -10/Materials | Discovered new exit (range 8) 894 | -10/Materials | Discovered new exit (range 10) 896 | -10/Materials | Discovered new exit (range 16) 1102 | -10/Materials | Lost 3 parts (1p1u1w) 1310 | -10/Materials | Discovered new exit (range 5) 1499 | -10/Materials | Entered Mines 1500 | -10/Mines | Met a Derelict bent on vengeance 1529 | -10/Mines | Discovered new exit (range 11) 1619 | -10/Mines | Discovered new exit (range 8) 1649 | -10/Mines | Found a Scrap Suit stashed away for nefarious purposes 1684 | -10/Mines | Learned Materials stockpile data 1786 | -10/Mines | Found a damaged Exp. Sensor Array with a note attached 1791 | -10/Mines | Found Prototype Device 1863 | -10/Mines | Discovered new exit (range 9) 1884 | -10/Mines | Entered Subcaves 1885 | -10/Subcaves | Approached by a straggling Scientist 1890 | -10/Subcaves | Learned 2 Materials zone layouts 1902 | -10/Subcaves | Learned location of Zion (-7) 1902 | -10/Subcaves | Met a Zionite searching for "candidates" 1941 | -10/Subcaves | Core integrity fell below 50% 1987 | -10/Subcaves | Lost 3 parts (1p1u1w) 2092 | -10/Subcaves | Shifting Twisted Machinery released Sub. Laser 2377 | -10/Subcaves | Identified Exp. Sensor Array 2493 | -10/Subcaves | Visited 4L-MR0's lab 2513 | -10/Subcaves | Found Prototype Power Core 2520 | -10/Subcaves | Identified Meta Core 2633 | -10/Subcaves | Visited Clippyterm 2638 | -10/Subcaves | Learned Factory trap positions 2638 | -10/Subcaves | Learned Factory emergency access door positions 2690 | -10/Subcaves | Scientist uncovered a shortcut to Scraptown 2936 | -10/Subcaves | Entered Scraptown 3326 | -8/Scraptown | Scanned Subdweller tech in exchange for log data 3330 | -8/Scraptown | Learned location of 2 exits from Factory 3332 | -8/Scraptown | Learned Factory terminal intel 3361 | -8/Scraptown | Discovered new exit (range 9) 3454 | -8/Scraptown | Visited TADAMA 3476 | -8/Scraptown | Visited Symbiants 3650 | -8/Scraptown | Visited Shadow of the Wyrm 3674 | -8/Scraptown | Visited SPCMW 3721 | -8/Scraptown | Visited Awakened 3743 | -8/Scraptown | Visited The Evicted 3761 | -8/Scraptown | Visited Assassins FH 3791 | -8/Scraptown | Visited UFD Registry 3804 | -8/Scraptown | Registered with UFD as "Gunchassis" 3841 | -8/Scraptown | Visited Supply Room 3873 | -8/Scraptown | Visited Science Guys 3924 | -8/Scraptown | Visited LU-1G1's Boring Crew 3946 | -8/Scraptown | Visited Scrap Suit Storage 3969 | -8/Scraptown | Visited DA-N13 Charitable Foundation 3983 | -8/Scraptown | Found DCF Scrap (30 items) 4012 | -8/Scraptown | Visited Analyses Database 4039 | -8/Scraptown | Visited Research Penetration Think Tank 4074 | -8/Scraptown | Visited Scrapoid Pod Storage 4100 | -8/Scraptown | Visited Curators Association 4126 | -8/Scraptown | Visited Modified Component R&D 4363 | -8/Scraptown | Delivered Scrap Shield to a Scientist 4686 | -8/Scraptown | System corruption cleaned by C-Scrubber 5042 | -8/Scraptown | Build established: Derelict-Mutant 5111 | -8/Scraptown | Guru changed UFD alias to "Fluxwarp" 6000 | -8/Scraptown | Met Optimus 6000 | -8/Scraptown | Accepted into 0bPrime 6079 | -8/Scraptown | Discovered new exit (range 3) 6082 | -8/Scraptown | Entered Factory 6082 | -6/Factory | Evolved 8 slots: Power x1, Propulsion x4, Utility x3 6083 | -6/Factory | Identified exit to Lower Caves 6083 | -6/Factory | Identified exit to Extension 6084 | -6/Factory | Identified exit to Factory 6085 | -6/Factory | Loaded intel: 84 trap records 6087 | -6/Factory | Loaded intel: 28 terminal locations 6190 | -6/Factory | Loaded intel: 8 recycling unit locations 6245 | -6/Factory | Lost 3 parts (3n) 6246 | -6/Factory | Learned location of Protoforge (-2) 6339 | -6/Factory | Core integrity fell below 50% 6358 | -6/Factory | Entered Extension 6367 | -6/Extension | Lost 7 parts (4n3u) 6385 | -6/Extension | Core integrity fell below 20% 6391 | -6/Extension | Destroyed by Y-54 Guardian with Gatling Laser Last Messages --------------- 06317_ Xenon Bombardment Thruster destroyed. 06320_ Penetrated by Slug. 06323_ ALERT: Potential suspicious activity detected, Programmers report to Factory Zone 9J. 06327_ Pressure Siphon comes online. 06327_ U-05 Engineer works on Pressure Siphon. 06330_ Dropped Katana. 06332_ Acquired Katana. 06332_ U-05 Engineer works on Pressure Siphon. 06336_ ECM Suite destroyed. 06337_ U-05 Engineer works on Pressure Siphon. 06344_ Slammed into A-15 Conveyor. 06349_ K-01 Serf destroyed. 06356_ Connecting with Door Terminal... >>Open(Door) Sealed Blast Doors opened. LOCATION=EXTENSION GOAL=ESCAPE 06384_ Y-54 Guardian springs to life. 06390_ System Shield destroyed. Map ----- +----------------------------------------------------+ | | | | | | | | | | | | | | | | | | | | | | | | | | | ????????????????????????????????????????????????? | | ????????????????????????????????????????????????? | | ????????????????????????????????????????????????? | | ????????????????????????????????????????????????? | | ????????????????????????????????????????????????? | | ????????????????????????????????????????????????? | | ????????????????????????????????????????????????? | | ????????????????????????????????????????????????? | | ????????????????????????????????????????????????? | | ??????????????????????########??????????????????? | | ??????????????????????# #??????????????????? | | ??????????????????????# #??????????????????? | | ?????################## @gl #??????????????????? | | ?????# + [Yl #??????????????????? | | ?????# #### g Y Ru ???????????????? | | ?????# #??# = #####??????????????? | | ?????# #??########??????????????????? | | ?????# #############????????????????????????????? | | ?????# #????????????????????????????????????????? | | ?????# #????????????????????????????????????????? | | ?????# #????????????????????????????????????????? | | ?????# #????????????????????????????????????????? | | ?????# #????????????????????????????????????????? | | ?????# #????????????????????????????????????????? | | ?????# #????????????????????????????????????????? | | ?????# #????????????????????????????????????????? | | ?????# #????????????????????????????????????????? | | ?????# #????????????????????????????????????????? | | ?????# #????????????????????????????????????????? | | ?????# #????????????????????????????????????????? | | ?????# #????????????????????????????????????????? | | ?????# #????????????????????????????????????????? | | ?????# #????????????????????????????????????????? | | ?????# #????????????????????????????????????????? | | ?##### #####????????????????????????????????????? | | ?# "" "" #????????????????????????????????????? | | ?# " " ###############??????????????????????? | +----------------------------------------------------+ Best States ------------- Heat Dissipation 37 Energy Generation 18 Energy Capacity 250 Matter Stores 300 Matter Capacity 300 Sight Range 22 Terrain Scan Density 10 Armor Coverage 800 Evasion (%) 65 Recoil Reduction 2 Offensive Hacking 10 Defensive Hacking 20 Item Schematics ----------------- None Robot Schematics ------------------ None Fabricated ------------ Nothing Repaired ---------- Nothing Studied --------- None Alien Tech Used ----------------- None Achievements -------------- Longdome?! Survival Of The Most Covered Challenges ------------ None Game ------ Seed LargeOpticalTearclaws Manual? 0 Play Time 00:36:47 Cumulative 213.2 hours Start 2025.12.24 @ 13:36:09 End 2025.12.24 @ 14:29:16 Sessions 1 Manual Loads 0 Difficulty Rogue Special Mode None Game No. 297 Rogue 297 Adventurer 0 Explorer 0 Win Type - Total 3 Types 2/0/0/1/0/0/0/0/0/0 Lore% 74 Gallery% 73 Achievement% 49 Wizard Run 0 Options --------- Layout 0 ASCII 0 Keyboard 0 Movement Mouse Keybinds 0 Fullscreen 1 Font 16/SmallcapsGlow Map View 75x55 Zoom Use 0% Tactical HUD 1 Map Filters NONE Filters NONE Steam 1 RUN: e14d3cae-1585-4f04-9eea-0c6ed0464f71